[Event "Titled Tuesday Blitz March 01 Late 2022"]
[White "Nasuta, Grzegorz"]
[Black "Medeiros Jr, Francisco De Assis"]
[WhiteFideId "1141686"]
[BlackFideId "2114267"]
[WhiteElo "2396"]
[BlackElo "1998"]
[Result "1-0"]
[Round "02"]
[TimeControl "180+1"]
[Date "2022.03.02"]
[WhiteClock "0:00:18"]
[BlackClock "0:00:40"]

1. e4 c6 2. d4 d5 3. Nc3 dxe4 4. Nxe4 Nf6 5. Nxf6+ exf6 6. c3 Bd6 7. Bd3 O-O 8. Qc2 Re8+ 9. Ne2 h5 10. O-O Qc7 11. h3 h4 12. Bd2 Nd7 13. Rae1 Nf8 14. Kh1 Bd7 15. c4 Ne6 16. c5 Bf8 17. Bc4 g6 18. b4 Bg7 19. Bc3 f5 20. d5 cxd5 21. Bxd5 Bc6 22. Bxc6 Qxc6 23. Bxg7 Kxg7 24. Qc4 Rad8 25. Rc1 Ng5 26. b5 Qe4 27. Qxe4 Rxe4 28. Rc2 Rde8 29. Nc1 Ne6 30. c6 bxc6 31. bxc6 Nd4 32. Rc4 R4e6 33. Rxd4 Rxc6 34. Nb3 Re2 35. Ra4 Rcc2 36. Rxa7 Rxa2 37. Rxa2 Rxa2 38. Kg1 Kf6 39. Re1 Rb2 40. Nd4 Rd2 41. Nf3 Rc2 42. Nxh4 g5 43. Nf3 Rb2 44. Ra1 Rb5 45. Ra6+ Kg7 46. Nxg5 1-0


[Site "https://www.chess.com"]

[Event "Titled Tuesday Blitz March 01 Late 2022"]
[White "Nikologorsky, Matfei"]
[Black "Song, Michael"]
[WhiteFideId "24102474"]
[BlackFideId "2613190"]
[WhiteElo "2231"]
[BlackElo "2274"]
[Result "0-1"]
[Round "02"]
[TimeControl "180+1"]
[Date "2022.03.02"]
[WhiteClock "0:00:07"]
[BlackClock "0:01:12"]

1. e4 e5 2. Nf3 Nc6 3. Bb5 Nf6 4. O-O Nxe4 5. d4 Nd6 6. dxe5 Nxb5 7. a4 d6 8. e6 fxe6 9. axb5 Nb4 10. Ra4 c5 11. bxc6 Nxc6 12. Nc3 Be7 13. Re1 O-O 14. Ne4 h6 15. Ng3 e5 16. Qd5+ Kh8 17. Rd1 Bd7 18. Re4 Qc8 19. Ree1 Bg4 20. c3 Bxf3 21. gxf3 Qh3 22. b4 a6 23. Bb2 Rf4 24. Re4 Rxf3 25. Rh4 Rxg3+ 26. hxg3 Bxh4 27. gxh4 Rf8 28. Rd3 Qxh4 29. Rg3 Qf4 30. Rg2 Rf6 31. b5 axb5 32. Qxb5 Rf7 33. Qf1 e4 34. Bc1 Qf5 35. Qc4 Ne5 36. Qa4 Nf3+ 37. Kf1 Qh3 38. Qe8+ Kh7 39. Qxf7 Qh1+ 40. Ke2 Qe1# 0-1


[Site "https://www.chess.com"]

[Event "Titled Tuesday Blitz March 01 Late 2022"]
[White "Osmonbekov, Talaibek"]
[Black "Debray, Christopher"]
[WhiteFideId "2017253"]
[BlackFideId "630810"]
[WhiteElo "2135"]
[BlackElo "2369"]
[Result "1-0"]
[Round "02"]
[TimeControl "180+1"]
[Date "2022.03.02"]
[WhiteClock "0:02:40"]
[BlackClock "0:01:57"]

1. d4 d5 2. Nc3 Nf6 3. Bf4 e6 4. e3 c6 5. Nf3 Bd6 6. Bd3 Nbd7 7. Bxd6 Nb6 8. Ba3 h6 9. O-O g5 10. e4 Qc7 11. Ne5 Nfd7 12. f4 gxf4 13. Nxd7 Bxd7 14. e5 O-O-O 15. Bd6 1-0


[Site "https://www.chess.com"]

[Event "Titled Tuesday Blitz March 01 Late 2022"]
[White "Oye-Stromberg, Alexander"]
[Black "Seo, Jung Min"]
[WhiteFideId "1525999"]
[BlackFideId "1734687"]
[WhiteElo "1934"]
[BlackElo "2401"]
[Result "1/2-1/2"]
[Round "02"]
[TimeControl "180+1"]
[Date "2022.03.02"]
[WhiteClock "0:00:05"]
[BlackClock "0:00:25"]

1. e4 e5 2. Nf3 Nc6 3. Bb5 a6 4. Ba4 Nf6 5. O-O b5 6. Bb3 Bb7 7. Re1 Bc5 8. c3 d6 9. d4 Bb6 10. Bg5 h6 11. Bh4 g5 12. Bg3 Qe7 13. a4 O-O 14. d5 Na5 15. Bc2 c6 16. dxc6 Bxc6 17. Nbd2 Nb7 18. Nf1 Nd8 19. Ne3 Bxe3 20. Rxe3 Ne6 21. Qd2 Nc5 22. axb5 axb5 23. Rae1 Ra2 24. Bb1 Ra4 25. b4 Ne6 26. R3e2 Raa8 27. Rd1 Rfd8 28. Qc2 Nh5 29. Red2 Nhf4 30. Bxf4 Nxf4 31. c4 bxc4 32. Qxc4 Ba4 33. Rc1 Kg7 34. g3 Ne6 35. Kg2 Be8 36. Rb2 Rab8 37. Rd1 Rdc8 38. Qd3 Rb6 39. Ba2 Rcb8 40. Rdb1 Bb5 41. Qd2 Ra6 42. Bd5 Nc7 43. h4 Nxd5 44. Qxd5 g4 45. Nh2 h5 46. Nf1 Bd7 47. Ne3 Be6 48. Qd3 Rab6 49. b5 Qb7 50. Rb4 Qc7 51. Nd5 Bxd5 52. Qxd5 Qc5 53. Qd3 Qc7 54. Qd2 Qe7 55. R4b3 Qf6 56. R1b2 Qe7 57. Rb1 Kg6 58. R1b2 f6 59. Qd3 Qe6 60. Rb1 f5 61. exf5+ Qxf5 62. Qd5 Rf8 63. R1b2 Qf7 64. Qd3+ Qf5 65. Qd5 Rc8 66. Rd2 Qf7 67. Qd3+ Kg7 68. Qe3 Rcb8 69. Rbd3 Qf6 70. Rd5 Kg6 71. Qe2 Kg7 72. Qe4 Qe6 73. Qe3 Qf6 74. Qe4 Qe6 75. Qe3 Qg6 76. Qe2 Qe6 77. Qe3 1/2-1/2


[Site "https://www.chess.com"]

[Event "Titled Tuesday Blitz March 01 Late 2022"]
[White "Papasimakopoulos, Alexandros"]
[Black "Alfaro, William"]
[WhiteFideId "4244125"]
[BlackFideId "6100457"]
[WhiteElo "2340"]
[BlackElo "2066"]
[Result "1-0"]
[Round "02"]
[TimeControl "180+1"]
[Date "2022.03.02"]
[WhiteClock "0:01:17"]
[BlackClock "0:01:22"]

1. d4 Nf6 2. c4 g6 3. Nc3 Bg7 4. e4 d6 5. f3 O-O 6. Nge2 c5 7. d5 e6 8. Ng3 exd5 9. cxd5 a6 10. a4 Nbd7 11. Be2 Rb8 12. O-O Ne5 13. Nh1 Nh5 14. f4 Nd7 15. Bxh5 gxh5 16. Qxh5 Nf6 17. Qd1 b5 18. axb5 axb5 19. Nf2 b4 20. Ne2 Re8 21. Ng3 c4 22. Re1 c3 23. bxc3 bxc3 24. Qd3 Nd7 25. Be3 Qc7 26. Ra7 Rb7 27. Ra3 Nc5 28. Qc4 Rb2 29. e5 dxe5 30. Bxc5 Bd7 31. Rxc3 exf4 32. Rxe8+ Bxe8 33. Nf5 Bxc3 34. Qxc3 Rb1+ 35. Nd1 Rxd1+ 36. Kf2 f6 37. d6 Qc6 38. Ne7+ Kf7 39. Nxc6 Bxc6 40. Bd4 Bd7 41. Bxf6 Rxd6 42. Be5 Rc6 43. Qb3+ Be6 44. Qb7+ Kg6 45. Qxc6 1-0


[Site "https://www.chess.com"]

[Event "Titled Tuesday Blitz March 01 Late 2022"]
[White "Paravyan, David"]
[Black "Unuk, Laura"]
[WhiteFideId "4194985"]
[BlackFideId "14609215"]
[WhiteElo "2569"]
[BlackElo "2221"]
[Result "1-0"]
[Round "02"]
[TimeControl "180+1"]
[Date "2022.03.02"]
[WhiteClock "0:00:13"]
[BlackClock "0:00:05"]

1. e4 c6 2. d4 d5 3. e5 c5 4. Nf3 Nc6 5. dxc5 Bg4 6. c3 e6 7. Be3 Nxe5 8. Qa4+ Qd7 9. Bb5 Nc6 10. Qxg4 f5 11. Qa4 Qc7 12. Bf4 Qc8 13. Nd4 Ne7 14. Bd6 Kf7 15. Nf3 h6 16. O-O a6 17. Bd3 g5 18. Nbd2 Bg7 19. Rfe1 Ng6 20. Nd4 Re8 21. N2b3 Nce5 22. Bf1 g4 23. Rad1 Qd8 24. c4 b5 25. cxb5 axb5 26. Qxb5 Rxa2 27. Ra1 Rxa1 28. Rxa1 Kg8 29. Ra7 Nf7 30. Nc6 Nxd6 31. cxd6 Qxd6 32. Ne5 Rb8 33. Ra8 Rxa8 34. Nxg6 Kh7 35. Nh4 Rb8 36. Qd3 Qe7 37. g3 Qb4 38. Nc1 Qxb2 39. Ne2 Rb3 40. Qa6 Ra3 41. Qxe6 Ra1 42. Qxf5+ Kg8 43. Qxd5+ Kh7 44. Qe4+ Kg8 45. Qc4+ Kh7 46. Nf4 Qc1 47. Qd3+ Kg8 48. Kg2 Qc6+ 49. Qd5+ Qxd5+ 50. Nxd5 Bf6 51. Nf5 Kh7 52. Nde3 Kg6 53. Bd3 h5 54. Nd6+ Kg5 55. Nf7# 1-0


[Site "https://www.chess.com"]

[Event "Titled Tuesday Blitz March 01 Late 2022"]
[White "Peatman, Carter"]
[Black "Mortazavi, Ali"]
[WhiteFideId "2096480"]
[BlackFideId "401323"]
[WhiteElo "2289"]
[BlackElo "2339"]
[Result "0-1"]
[Round "02"]
[TimeControl "180+1"]
[Date "2022.03.02"]
[WhiteClock "0:00:04"]
[BlackClock "0:01:05"]

1. d4 Nf6 2. Nf3 g6 3. Bf4 Bg7 4. e3 d6 5. h3 O-O 6. Be2 c5 7. c3 Be6 8. dxc5 dxc5 9. Nbd2 Qb6 10. Qc2 Nc6 11. Nc4 Bxc4 12. Bxc4 Nd7 13. Rd1 Nde5 14. Nxe5 Nxe5 15. Bxe5 Bxe5 16. O-O Kg7 17. Rd5 Bf6 18. Rfd1 Rac8 19. R1d3 Qc6 20. Qb3 a6 21. a4 Rb8 22. a5 Rfc8 23. g4 h6 24. Qa3 Rc7 25. f4 e6 26. Rd6 Qf3 27. Qb3 Qg3+ 28. Kf1 Bh4 29. Rd2 Qf3+ 30. Kg1 Qxe3+ 31. Kh1 Qxh3+ 0-1


[Site "https://www.chess.com"]

[Event "Titled Tuesday Blitz March 01 Late 2022"]
[White "Perez Torres, Nabi Isaias"]
[Black "Kaasen, Tor Fredrik"]
[WhiteFideId "5120373"]
[BlackFideId "1516647"]
[WhiteElo "1755"]
[BlackElo "2335"]
[Result "0-1"]
[Round "02"]
[TimeControl "180+1"]
[Date "2022.03.02"]
[WhiteClock "0:00:03"]
[BlackClock "0:01:27"]

1. d4 d5 2. c4 e6 3. Nc3 c5 4. e3 cxd4 5. exd4 Nf6 6. Nf3 Nc6 7. Be2 dxc4 8. Bxc4 Be7 9. O-O O-O 10. Qe2 b6 11. Rd1 Bb7 12. a3 Rc8 13. Bg5 h6 14. Be3 Na5 15. Ba2 Nd5 16. Ne4 Nxe3 17. Qxe3 Nc4 18. Qe2 Nxb2 19. Rd2 Na4 20. Ne5 Bxe4 21. Qxe4 Nc3 22. Qd3 Nxa2 23. Rdxa2 Bf6 24. Nf3 Qd5 25. h3 Rc4 26. Rd2 Rfc8 27. Rad1 Rc3 28. Qa6 R8c7 29. a4 Ra3 30. Ne5 Qb3 31. Rd3 Qc2 32. Qb5 Qxa4 0-1


[Site "https://www.chess.com"]

[Event "Titled Tuesday Blitz March 01 Late 2022"]
[White "Petrova, Irina"]
[Black "Plotnikov, Pavel"]
[WhiteFideId "14124122"]
[BlackFideId "4170342"]
[WhiteElo "1988"]
[BlackElo "2298"]
[Result "1/2-1/2"]
[Round "02"]
[TimeControl "180+1"]
[Date "2022.03.02"]
[WhiteClock "0:00:10"]
[BlackClock "0:00:33"]

1. e4 e6 2. d4 d5 3. Nc3 Nf6 4. Bg5 Be7 5. e5 Nfd7 6. Bxe7 Qxe7 7. f4 O-O 8. Nf3 c5 9. Bd3 cxd4 10. Nb5 Nc5 11. Bxh7+ Kxh7 12. Ng5+ Kg6 13. Qg4 f5 14. exf6 gxf6 15. Ne4+ Kh7 16. Qh5+ Kg7 17. Qg4+ Kh8 18. Qh5+ Kg8 19. Qg6+ Qg7 20. Qxg7+ Kxg7 21. Nxc5 Na6 22. Nxa6 bxa6 23. Nxd4 e5 24. fxe5 fxe5 25. Nf3 Bg4 26. O-O Rae8 27. Rae1 Bxf3 28. Rxf3 Rxf3 29. gxf3 Kf6 30. Re3 Rc8 31. Rc3 Rg8+ 32. Kf2 Kf5 33. Ra3 Rh8 34. Kg2 Rh6 35. Ra5 d4 36. Rc5 Kf4 37. Rc7 Ke3 38. Re7 Rg6+ 39. Kf1 Rg5 40. h4 Rf5 41. Kg2 Kd2 42. Rc7 Ke3 43. Rc5 Kf4 44. Rc7 Rf6 45. Rxa7 Rg6+ 46. Kf2 Rf6 47. Rc7 e4 48. fxe4 Kxe4+ 49. Ke2 Re6 50. h5 Kd5+ 51. Kd2 Rh6 52. Rd7+ Ke4 53. Re7+ Kd5 54. Ra7 Rxh5 55. Rxa6 Rh2+ 56. Kd1 Rh1+ 57. Ke2 Rh2+ 58. Kd1 Ke4 59. b4 Rh1+ 60. Kd2 Rh2+ 61. Kc1 d3 62. cxd3+ Kxd3 63. Ra3+ Kc4 64. Kb1 Kxb4 65. Rb3+ Kc4 66. Rb2 Rh1+ 67. Kc2 Rg1 68. a3 Rg2+ 69. Kb1 Rg1+ 70. Ka2 Kc3 71. Rb3+ Kc4 72. Rb4+ Kc3 73. Rb3+ Kc4 74. Rb2 Kc3 75. a4 Rg4 76. Rb3+ Kc2 77. Rb2+ Kc3 78. Ka3 Rg1 79. Rb3+ Kc4 80. Rb4+ Kc3 81. Rb3+ Kc4 82. Rb4+ Kc3 83. Rb3+ 1/2-1/2


[Site "https://www.chess.com"]

[Event "Titled Tuesday Blitz March 01 Late 2022"]
[White "Petrovic, Aleksa"]
[Black "Antonova, Nadezhda"]
[WhiteFideId "967629"]
[BlackFideId "14700182"]
[WhiteElo "2139"]
[BlackElo "1765"]
[Result "1-0"]
[Round "02"]
[TimeControl "180+1"]
[Date "2022.03.02"]
[WhiteClock "0:01:06"]
[BlackClock "0:00:05"]

1. e4 c5 2. Nf3 d6 3. d4 cxd4 4. Nxd4 Nf6 5. Nc3 a6 6. Bg5 Nbd7 7. f4 Qc7 8. Qf3 h6 9. Bh4 g5 10. fxg5 hxg5 11. Bxg5 Qc5 12. Be3 Ne5 13. Qe2 Neg4 14. Bg1 Qb4 15. O-O-O Bd7 16. a3 Qa5 17. Kb1 b5 18. Nd5 Nxd5 19. exd5 Ne5 20. Bf2 b4 21. Nb3 Qa4 22. axb4 Bg4 23. Qd2 Bh6 24. Qd4 Bxd1 25. Qxd1 Qxb4 26. Bd3 a5 27. c3 1-0


[Site "https://www.chess.com"]

[Event "Titled Tuesday Blitz March 01 Late 2022"]
[White "Piesik, Piotr"]
[Black "Ibarra Jerez, Jose Carlos"]
[WhiteFideId "1136194"]
[BlackFideId "2226332"]
[WhiteElo "2232"]
[BlackElo "2626"]
[Result "1/2-1/2"]
[Round "02"]
[TimeControl "180+1"]
[Date "2022.03.01"]
[WhiteClock "0:00:10"]
[BlackClock "0:00:07"]

1. Nf3 Nf6 2. g3 g6 3. Bg2 Bg7 4. O-O O-O 5. d4 d6 6. Nbd2 Nc6 7. e4 e5 8. dxe5 Nxe5 9. Nxe5 dxe5 10. Qe2 Qe7 11. b3 Bg4 12. Bf3 Bh3 13. Rd1 Rfd8 14. Bb2 Nd7 15. Nc4 b6 16. a4 a5 17. Bg4 Bxg4 18. Qxg4 h5 19. Qe2 Bh6 20. Rd5 f6 21. Rad1 Nf8 22. Ba3 Qe8 23. Bxf8 Kxf8 24. Qd3 Rxd5 25. Qxd5 Rb8 26. Na3 Ke7 27. Qc4 c6 28. Qd3 Rd8 29. Qxd8+ Qxd8 30. Rxd8 Kxd8 31. Nc4 Kc7 32. Kf1 Bf8 33. Ke2 b5 34. Nb2 Ba3 35. Nd3 bxa4 36. bxa4 Kd6 37. f4 Bc5 38. fxe5+ fxe5 39. h3 Bd4 40. Kd2 Bg1 41. Nb2 Kc5 42. c3 Bh2 43. g4 hxg4 44. hxg4 Bf4+ 45. Kc2 Kb6 46. Nc4+ Ka6 47. Kb3 Bg3 48. Nd6 Kb6 49. Nf7 Bf4 50. Nh8 g5 51. Nf7 Kc7 52. Kc4 Kd7 53. Nh6 Be3 54. Nf5 Bf2 55. Kd3 Kc7 56. Ng7 Kd7 57. Ke2 Bc5 58. Nf5 Ke6 59. Ng3 Kd6 60. Kd3 Bf2 61. Nf1 Kc5 62. Nd2 Bg3 63. Nb3+ Kb6 64. Kc4 Bf4 65. Nc5 Kc7 66. Nd3 Bg3 67. Kc5 Bh2 68. Ne1 Bg1+ 69. Kc4 Be3 70. Nc2 Bf2 71. Kd3 Kb6 72. Na3 Bg3 73. Nc4+ Ka6 74. Nd6 Kb6 75. Kc4 Bf4 76. Ne8 Be3 77. Nf6 Bf4 78. Nd7+ Kc7 79. Nc5 Kb6 80. Nd3 Bg3 81. Kb3 Bh2 82. Kc2 Bg3 83. Kd1 Bh2 84. Ke2 Bf4 85. Nb2 Kc5 86. Kd3 Kb6 87. Nc4+ Ka6 88. Na3 Kb6 89. Nc2 Kc5 90. Na1 Kb6 91. Nb3 Bg3 92. c4 c5 93. Nd2 Kc6 94. Ke2 Bf4 95. Nb3 Kb6 96. Kf3 Bh2 97. Kg2 Bf4 98. Kf2 Bh2 99. Nd2 Bf4 100. Nf3 Kc6 101. Ne1 Kb6 102. Nd3 Kc6 103. Kf3 Kb6 104. Kf2 Kc6 105. Kf3 Kb6 106. Kf2 1/2-1/2


[Site "https://www.chess.com"]

[Event "Titled Tuesday Blitz March 01 Late 2022"]
[White "Pinheiro, Iung Alicio de O."]
[Black "Scalzo, Antonio R"]
[WhiteFideId "2104350"]
[BlackFideId "2079674"]
[WhiteElo "2514"]
[BlackElo "2299"]
[Result "1-0"]
[Round "02"]
[TimeControl "180+1"]
[Date "2022.03.02"]
[WhiteClock "0:00:52"]
[BlackClock "0:01:08"]

1. e4 Nf6 2. e5 Nd5 3. d4 d6 4. Nf3 Bg4 5. Be2 e6 6. c4 Nb6 7. exd6 cxd6 8. O-O Be7 9. Nc3 O-O 10. b3 d5 11. c5 N6d7 12. h3 Bh5 13. b4 a6 14. a4 Nc6 15. Rb1 Bg6 16. Bd3 Nf6 17. Bxg6 hxg6 18. Re1 Qc7 19. Bg5 Rfe8 20. Bh4 Nh5 21. Bxe7 Rxe7 22. b5 Na5 23. Ne5 Nf6 24. Qd3 Nd7 25. Nf3 Nc4 26. Nxd5 exd5 27. Rxe7 axb5 28. axb5 Qd8 29. Ree1 Nf6 30. Ne5 Ra4 31. Nxc4 Rxc4 32. c6 bxc6 33. b6 1-0


[Site "https://www.chess.com"]

[Event "Titled Tuesday Blitz March 01 Late 2022"]
[White "Ponkratov, Pavel"]
[Black "Csonka, Balazs"]
[WhiteFideId "4157800"]
[BlackFideId "742910"]
[WhiteElo "2487"]
[BlackElo "2404"]
[Result "1-0"]
[Round "02"]
[TimeControl "180+1"]
[Date "2022.03.01"]
[WhiteClock "0:01:32"]
[BlackClock "0:00:02"]

1. c4 c6 2. Nc3 d5 3. e3 Nf6 4. Nf3 a6 5. b3 Bg4 6. Qc2 e6 7. Bb2 Nbd7 8. d4 Bf5 9. Bd3 Bxd3 10. Qxd3 Bb4 11. O-O O-O 12. Ne2 Ne4 13. Rac1 Bd6 14. Ne5 Qc7 15. Nxd7 Qxd7 16. f3 Nf6 17. e4 Be7 18. e5 Ne8 19. c5 f5 20. b4 g5 21. a4 Ng7 22. Rb1 f4 23. Bc3 Nf5 24. Bd2 h6 25. Rb3 Ra7 26. Rfb1 Rfa8 27. g4 fxg3 28. hxg3 Qe8 29. Kg2 Qg6 30. g4 Nh4+ 31. Kg3 Qxd3 32. Rxd3 Ng6 33. f4 gxf4+ 34. Nxf4 Nxf4 35. Bxf4 Kg7 36. Rh1 Rh8 37. Rd2 a5 38. b5 cxb5 39. axb5 b6 40. c6 a4 41. Rdh2 Ra5 42. Rxh6 Rxh6 43. Bxh6+ Kf7 44. Bd2 Ra8 45. Rf1+ Ke8 46. g5 a3 47. Kg4 a2 48. Bc3 Ra3 49. Ba1 Rd3 50. g6 Bf8 51. c7 1-0


[Site "https://www.chess.com"]

[Event "Titled Tuesday Blitz March 01 Late 2022"]
[White "Prohorov, Olexandr"]
[Black "Kopczynski, Michal"]
[WhiteFideId "14105578"]
[BlackFideId "1124200"]
[WhiteElo "1993"]
[BlackElo "2235"]
[Result "1-0"]
[Round "02"]
[TimeControl "180+1"]
[Date "2022.03.02"]
[WhiteClock "0:02:18"]
[BlackClock "0:01:05"]

1. e4 b6 2. d4 Bb7 3. Nc3 e6 4. Bd3 Nf6 5. Qe2 d5 6. exd5 Nxd5 7. Nf3 Bb4 8. Bd2 Bxc3 9. bxc3 h6 10. O-O O-O 11. Qe4 g6 12. c4 Nd7 13. cxd5 Bxd5 14. Qg4 Nf6 15. Qg3 Kg7 16. c4 Bb7 17. Bc3 Nh5 18. Qe5+ f6 19. Qxe6 Nf4 20. Qe3 Qd6 21. d5 Rae8 22. Qd2 c6 23. Bb4 c5 24. Bc3 Bc8 25. h3 g5 26. Rfe1 h5 27. Rxe8 Rxe8 28. Re1 Rh8 29. Nxg5 Kh6 30. Ne6 Bxe6 31. Rxe6 1-0


[Site "https://www.chess.com"]

[Event "Titled Tuesday Blitz March 01 Late 2022"]
[White "Rabineau, Clement"]
[Black "Calcada, Lucas Galvan"]
[WhiteFideId "628891"]
[BlackFideId "22746099"]
[WhiteElo "2237"]
[BlackElo "1402"]
[Result "1-0"]
[Round "02"]
[TimeControl "180+1"]
[Date "2022.03.02"]
[WhiteClock "0:00:38"]
[BlackClock "0:01:15"]

1. e4 c5 2. c3 Nf6 3. e5 Nd5 4. Bc4 Nb6 5. Bb3 Nc6 6. Nf3 c4 7. Bc2 d5 8. exd6 Qxd6 9. O-O Bg4 10. b3 cxb3 11. axb3 e6 12. d4 Be7 13. Na3 a6 14. Nc4 Nxc4 15. bxc4 Qc7 16. h3 Bxf3 17. Qxf3 O-O 18. c5 Bf6 19. Re1 Ne7 20. Bf4 Qd7 21. Bd6 Rfc8 22. Bxe7 Bxe7 23. Be4 Rab8 24. Reb1 Rc7 25. Rxa6 Qc8 26. Rab6 Bd8 27. Rxb7 Rcxb7 28. Rxb7 Rxb7 29. Bxb7 Qb8 30. Qc6 Bc7 31. c4 h5 32. d5 Bf4 33. Qc8+ 1-0


[Site "https://www.chess.com"]

[Event "Titled Tuesday Blitz March 01 Late 2022"]
[White "Rangel, Daniel"]
[Black "Gerbelli Neto, Eduardo"]
[WhiteFideId "2124475"]
[BlackFideId "2103281"]
[WhiteElo "2187"]
[BlackElo "2178"]
[Result "1-0"]
[Round "02"]
[TimeControl "180+1"]
[Date "2022.03.02"]
[WhiteClock "0:00:25"]
[BlackClock "0:00:20"]

1. d4 d5 2. c4 c6 3. Nc3 Nf6 4. Bf4 dxc4 5. a4 e6 6. e4 Bb4 7. f3 b5 8. Nh3 Nbd7 9. Be2 Bb7 10. O-O a6 11. Qe1 Qb6 12. Be3 e5 13. Qf2 exd4 14. Bxd4 Bc5 15. Rad1 O-O-O 16. axb5 cxb5 17. Nf4 Bxd4 18. Rxd4 Kb8 19. Nfd5 Nxd5 20. exd5 Ka7 21. Rfd1 Ne5 22. f4 Ng6 23. Bf3 Ne7 24. d6 Nf5 25. Nd5 Bxd5 26. Rxd5 Qxf2+ 27. Kxf2 g6 28. d7 h5 29. Rc5 Kb6 30. Rc6+ Ka5 31. Ra1+ Kb4 32. Rd1 a5 33. Rb6 Rb8 34. Rxb8 Rxb8 35. d8=Q Rxd8 36. Rxd8 a4 37. Rb8 c3 38. bxc3+ Kxc3 39. Rxb5 a3 40. Bd5 Nd4 41. Ra5 Kb2 42. Bxf7 Nb3 43. Rb5 a2 44. Rxb3+ Kc2 45. Ra3 1-0


[Site "https://www.chess.com"]

[Event "Titled Tuesday Blitz March 01 Late 2022"]
[White "Riazantsev, Alexander"]
[Black "Guz, Ari"]
[WhiteFideId "4125029"]
[BlackFideId "2825759"]
[WhiteElo "2595"]
[BlackElo "1913"]
[Result "1-0"]
[Round "02"]
[TimeControl "180+1"]
[Date "2022.03.01"]
[WhiteClock "0:00:05"]
[BlackClock "0:00:06"]

1. d4 Nf6 2. Nf3 e6 3. Bf4 c5 4. c3 cxd4 5. cxd4 Be7 6. Nc3 O-O 7. e3 b6 8. Bd3 Bb7 9. O-O d6 10. h3 Nbd7 11. Qe2 Re8 12. e4 e5 13. Bh2 Bf8 14. d5 a6 15. b4 g6 16. g4 h6 17. a4 Nh7 18. Bg3 Ng5 19. Kg2 Nf6 20. Nd2 h5 21. h4 Ngh7 22. g5 Nd7 23. f3 Be7 24. Bf2 f6 25. gxf6 Bxf6 26. Rh1 Kh8 27. Rag1 Rg8 28. Kf1 a5 29. Nb5 Qe7 30. Nc4 axb4 31. Ncxd6 Ba6 32. Rh3 Nc5 33. Bc4 Nxa4 34. Kg2 g5 35. Kh1 Bxb5 36. Nxb5 g4 37. d6 Qd7 38. Bxg8 Rxg8 39. fxg4 Rxg4 40. Rxg4 hxg4 41. Rb3 Nc5 42. Rxb4 Ne6 43. Qxg4 Bg7 44. Qf5 Nf6 45. Rb1 Qf7 46. Rg1 Nf4 47. Nc7 Qc4 48. Nd5 N4xd5 49. exd5 Qxd5+ 50. Kh2 Qxd6 51. Qg6 Qd7 52. Be3 b5 53. Bh6 Ng4+ 54. Rxg4 Bxh6 55. Qxh6+ Qh7 56. Qf8+ 1-0


[Site "https://www.chess.com"]

[Event "Titled Tuesday Blitz March 01 Late 2022"]
[White "Roque Sola, Jose Luis"]
[Black "Ribeiro, Matheus Mendes Domingues"]
[WhiteFideId "5120390"]
[BlackFideId "324226923"]
[WhiteElo "1983"]
[BlackElo "1886"]
[Result "0-1"]
[Round "02"]
[TimeControl "180+1"]
[Date "2022.03.02"]
[WhiteClock "0:00:09"]
[BlackClock "0:01:11"]

1. c4 e6 2. Nf3 d5 3. b3 Nf6 4. Bb2 Be7 5. g3 O-O 6. Bg2 c5 7. e3 Nc6 8. cxd5 Nxd5 9. Nc3 Bf6 10. O-O Nxc3 11. Bxc3 Bxc3 12. dxc3 Qf6 13. Qc2 e5 14. Rad1 Bg4 15. Qe4 Bh5 16. Rd2 Rfd8 17. Rfd1 Rxd2 18. Rxd2 Rd8 19. Rxd8+ Qxd8 20. h3 Qd1+ 21. Kh2 Bxf3 22. Bxf3 Qd2 23. Kg2 Qxc3 24. Qf5 g6 25. Qc8+ Kg7 26. Qxb7 Nb4 27. a3 Nd3 28. Bd5 Ne1+ 29. Kh2 Qc1 30. Qxf7+ Kh6 31. Qf8+ Kh5 32. g4+ Kg5 33. Qe7+ Kh6 34. Qf8+ Kg5 35. Kg3 Nf3 36. Qxf3 Qg1+ 37. Qg2 Qd1 38. h4+ Kh6 39. g5+ Kg7 40. Qf3 Qg1+ 41. Kh3 Qf1+ 42. Kg4 Qg1+ 43. Qg3 Qd1+ 44. Bf3 Qd7# 0-1


[Site "https://www.chess.com"]

[Event "Titled Tuesday Blitz March 01 Late 2022"]
[White "Rudzinska, Michalina"]
[Black "Dauner, Benedikt"]
[WhiteFideId "1172883"]
[BlackFideId "16225899"]
[WhiteElo "1904"]
[BlackElo "2230"]
[Result "0-1"]
[Round "02"]
[TimeControl "180+1"]
[Date "2022.03.02"]
[WhiteClock "0:00:32"]
[BlackClock "0:01:26"]

1. e4 g6 2. d4 Bg7 3. Nc3 c5 4. Nf3 cxd4 5. Nxd4 Nc6 6. Be3 Nf6 7. Be2 O-O 8. Nb3 d6 9. O-O a6 10. f4 b5 11. Bf3 Bb7 12. a3 Rc8 13. Nd5 Nxd5 14. exd5 Na5 15. Nxa5 Qxa5 16. c3 Qc7 17. Bd4 Bf6 18. Bxf6 exf6 19. Kh1 Rfe8 20. f5 Kg7 21. Bg4 Rcd8 22. Qf3 g5 23. Rae1 Re5 24. Rxe5 dxe5 25. Rd1 Qc5 26. Qe2 Rxd5 27. Rxd5 Bxd5 28. h4 h6 29. hxg5 hxg5 30. Bf3 Bxf3 31. Qxf3 a5 32. b4 axb4 33. cxb4 Qd4 34. Qc6 Qd3 35. Kh2 e4 36. a4 bxa4 37. b5 e3 38. b6 e2 39. Qe8 a3 40. b7 Qd6+ 41. Kh3 a2 42. b8=Q Qxb8 43. Qxb8 e1=Q 44. Kg4 a1=Q 45. Kh5 Qh4# 0-1


[Site "https://www.chess.com"]

[Event "Titled Tuesday Blitz March 01 Late 2022"]
[White "Ruiz Aguilar, Pablo Alexander"]
[Black "Levine, David"]
[WhiteFideId "4401352"]
[BlackFideId "2011611"]
[WhiteElo "2125"]
[BlackElo "2129"]
[Result "1-0"]
[Round "02"]
[TimeControl "180+1"]
[Date "2022.03.02"]
[WhiteClock "0:00:45"]
[BlackClock "0:00:02"]

1. e4 e5 2. Nf3 Nc6 3. Bb5 a6 4. Ba4 Nf6 5. d3 d6 6. O-O Bd7 7. c3 g6 8. h3 Bg7 9. Re1 O-O 10. Be3 Qe8 11. Bc2 Nh5 12. d4 Rd8 13. Nbd2 h6 14. Nf1 Qe7 15. Qd2 Kh7 16. d5 Nb8 17. Ng3 Nxg3 18. fxg3 f5 19. Rf1 fxe4 20. Bxe4 Bf5 21. Bxf5 gxf5 22. Nh4 f4 23. Qc2+ Kg8 24. Ng6 Qe8 25. Nxf8 fxe3 26. Ne6 Rd7 27. Rae1 c6 28. c4 Qh5 29. Rf5 Qe8 30. Rxe3 Re7 31. Re4 Kh8 32. Rg4 Rxe6 33. dxe6 Qxe6 34. Kh2 Nd7 35. b4 d5 36. cxd5 cxd5 37. Rh5 1-0


[Site "https://www.chess.com"]

[Event "Titled Tuesday Blitz March 01 Late 2022"]
[White "Saim, Mohamed Ilias"]
[Black "Yordanov, Nikolay Plamenov"]
[WhiteFideId "7900465"]
[BlackFideId "2907445"]
[WhiteElo "2006"]
[BlackElo "2248"]
[Result "0-1"]
[Round "02"]
[TimeControl "180+1"]
[Date "2022.03.02"]
[WhiteClock "0:00:26"]
[BlackClock "0:01:05"]

1. d4 Nf6 2. Nf3 g6 3. c4 Bg7 4. Nc3 O-O 5. e4 d6 6. Be2 e5 7. dxe5 dxe5 8. Qxd8 Rxd8 9. Nxe5 Re8 10. f4 Nfd7 11. Nxd7 Bxc3+ 12. bxc3 Nxd7 13. e5 f6 14. exf6 Nxf6 15. Bb2 Bg4 16. O-O-O Rxe2 17. Rdg1 Rae8 18. h3 Bf5 19. g4 Rc2+ 20. Kb1 Be4 21. Re1 Re2+ 22. Ka1 Bxh1 23. Rxh1 Re1+ 24. Rxe1 Rxe1+ 25. Bc1 Rxc1+ 26. Kb2 Rh1 27. a3 c5 28. g5 Ne4 29. Kc2 b6 30. Kd3 Nd6 31. h4 Rh3+ 32. Ke2 Nxc4 33. Kf2 Rxc3 34. Kg2 Rxa3 35. Kf2 Nd6 36. Ke2 Nf5 37. Kf2 Rd3 38. Kg2 Kf7 39. Kh2 Nxh4 40. Kg1 Nf5 41. Kf2 Re3 42. Kf1 c4 43. Kf2 b5 44. Kf1 b4 45. Kg2 a5 46. Kg1 a4 47. Kf2 c3 48. Kg2 b3 49. Kh2 a3 50. Kg2 c2 51. Kf2 b2 52. Kg2 a2 53. Kh2 Ke6 54. Kg2 Kd5 55. Kf2 Ke4 56. Kg2 c1=Q 57. Kh2 Qd2+ 58. Kh1 Re1# 0-1


[Site "https://www.chess.com"]